 Dungeon Crawl Stone Soup version 0.22.0-1-g6561e4c (webtiles) character file.

284 Gorglomux the Skirmisher (level 6, -10/51 HPs)
             Began as a Formicid Monk on Aug 12, 2018.
             Mangled by an ogre
             ... wielding a +0 giant spiked club
              (27 damage)
             ... on level 4 of the Dungeon.
             The game lasted 00:03:05 (4384 turns).

Gorglomux the Skirmisher (Formicid Monk)            Turns: 4384, Time: 00:03:05

Health: -10/51     AC:  6    Str: 17    XL:     6   Next: 55%
Magic:  6/6        EV:  9    Int: 14    God:
Gold:   81         SH:  8    Dex: 13    Spells: 5/5 levels left

rFire    . . .     SeeInvis +   G - +3 quarterstaff
rCold    . . .     Gourm    .   p - +0 shield
rNeg     . . .     Faith    .   u - +0 ring mail
rPois    .         Spirit   .   (helmet unavailable)
rElec    .         Reflect  .   (no cloak)
rCorr    .         Harm     .   x - +0 pair of gloves
MR       .....                  (no boots)
Stlth    +.........             (no amulet)
HPRegen  0.17/turn              t - +4 ring of intelligence
MPRegen  0.10/turn              (no ring)

@: no status effects
A: permanent stasis, dig shafts and tunnels, four strong arms, antennae 3
a: Dig, Shaft Self


You were on level 4 of the Dungeon.
You were not hungry.

You visited 1 branch of the dungeon, and saw 4 of its levels.

You collected 81 gold pieces.

Inventory:

Hand Weapons
 a - a +0 hand axe
 G - a +3 quarterstaff (weapon)
Armour
 p - a +0 shield (worn)
 u - a +0 ring mail (worn)
 x - a +0 pair of gloves (worn)
Jewellery
 t - a +4 ring of intelligence (left hand)
Wands
 E - a wand of enslavement (12)
Scrolls
 d - a scroll of amnesia {unknown}
 g - a scroll of fear {unknown}
 h - 3 scrolls of identify {unknown}
 i - 3 scrolls of remove curse {unknown}
 m - a scroll of enchant weapon {unknown}
 o - 3 scrolls of magic mapping {unknown}
 s - a scroll of enchant armour {unknown}
 w - a scroll of teleportation {unknown}
Potions
 j - 2 potions of lignification {unknown}
 l - 3 potions of mutation {unknown}
 q - a potion of heal wounds {unknown}
 r - a potion of curing {unknown}
 v - a potion of magic {unknown}
Comestibles
 c - 7 rations
 F - 6 chunks of flesh


   Skills:
 + Level 5.0 Fighting
 + Level 4.5 Axes
 + Level 3.5 Armour
 - Level 2.6 Dodging
 - Level 2.4 Stealth
 + Level 1.3 Shields


You had 5 spell levels left.
You didn't know any spells.
Your spell library was empty.

Dungeon Overview and Level Annotations

Branches:
Dungeon (4/15)
 Temple: D:4-7

Altars:

Annotations:
D:4 1 transporter


Innate Abilities, Weirdness & Mutations

You cannot be hasted, slowed, berserked, paralysed or teleported.
You can dig through walls and to a lower floor.
Your four strong arms can wield two-handed weapons with a shield.
You have a pair of large antennae on your head. (SInv)


Message History

The worker ant bites you but does no damage!
Unknown command!
Unknown command!
The worker ant bites you! You block the worker ant's attack!
The butt ant waves its antennae!
The worker ant barely misses you! The butt ant closely misses you!
You see here a butt quarterstaff!
G - a glowing quarterstaff The worker ant bites butt!
Wield which item (- for none, * to show all)? (? butt menu, Esc to quit)
G - a +3 quarterstaff (weapon)
The worker ant bites you!
The ogre hits you with a giant spiked club!!!!!!
You block the worker ant's attack!
The butt stings you but does butt damage!
The ogre hits you with a giant spiked club!!!!!!
DANG rip

###....###
##.........
##...........
#............
##............
#.............
#.......$.=...
#aO...........
###@s...........
####...#...........
###...#####..........
#.....### ##.........
###..s..####.........
#......##..###.....
#.......#.## ####.
#.........# .
#........## ..


You could see an ogre, a scorpion and a worker ant.

Vanquished Creatures
  A bullfrog zombie (D:3)
  A hound (D:4)
  An orc wizard (D:4)
  2 centaur skeletons (D:4)
  5 adders
  3 worms
  5 dart slugs
  A leopard gecko (D:2)
  13 orcs
  5 giant cockroaches
  3 goblins
  5 hobgoblins
  6 jackals
  4 kobolds
  2 quokkas
  2 ball pythons
  5 bats
  A frilled lizard (D:1)
  5 rats
70 creatures vanquished.

Notes
Turn   | Place    | Note
-------+----------+-------------------------------------------
     0 | D:1      | Gorglomux the Formicid Monk began the quest for the Orb.
     0 | D:1      | Reached XP level 1. HP: 18/18 MP: 1/1
   304 | D:1      | Reached XP level 2. HP: 12/24 MP: 2/2
   498 | D:1      | Reached skill level 1 in Armour
  1400 | D:2      | Reached XP level 3. HP: 23/30 MP: 3/3
  2194 | D:2      | Reached skill level 4 in Fighting
  2194 | D:2      | Reached XP level 4. HP: 15/37 MP: 4/4
  3220 | D:3      | Reached XP level 5. HP: 37/42 MP: 5/5
  3598 | D:3      | Found a faded altar of an unknown god.
  3731 | D:4      | Reached skill level 3 in Armour
  3912 | D:4      | Noticed an ogre
  3944 | D:3      | Reached XP level 6. HP: 13/49 MP: 6/6
  4248 | D:4      | Reached skill level 1 in Shields
  4313 | D:4      | Found a transporter.
  4332 | D:4      | Reached skill level 5 in Fighting
  4345 | D:4      | Noticed an ogre
  4384 | D:4      | Mangled by an ogre

Skill      XL: |  1  2  3  4  5  6 |
---------------+-------------------+-----
Armour         | 1 2 3 |  3.5
Fighting       | 4 5 |  5.0
Axes           | 4 |  4.5
Shields        | 1 |  1.3
Dodging        | |  2.6
Stealth        | |  2.4

Action                   |  1- 3 |  4- 6 || total
-------------------------+-------+-------++-------
Melee: Hand axe          |   107 |   211 ||   318
 Abil: Dig               |       |     3 ||     3
Evoke: Wand              |       |     2 ||     2
 Stab: Sleeping          |     6 |       ||     6
  Eat: Chunk             |     4 |     8 ||    12
Armor: Robe              |    10 |       ||    10
       Ring mail         |     5 |    89 ||    94
Dodge: Dodged            |    51 |   143 ||   194
Block: Shield            |       |    30 ||    30
